 Dungeon Crawl Stone Soup version 0.31.0-10-gcf4a605ca0 (webtiles) character file.

Game seed: 13272524936470817525

183 sanka the Cudgeller (level 5, -6/45 (46) HPs)
             Began as a Minotaur Fighter on Jan 25, 2024.
             Mangled by Crazy Yiuf
             ... wielding a +3 quarterstaff of chaos
              (7 damage)
             ... on level 3 of the Dungeon.
             The game lasted 00:02:38 (1671 turns).

sanka the Cudgeller (Minotaur Fighter)              Turns: 1671, Time: 00:02:39

HP:   -6/45 (46)    AC:  6    Str: 20    XL:     5   Next: 35%
MP:   4/4           EV:  9    Int:  5    God:
Gold: 87            SH:  4    Dex: 12    Spells: 4/4 levels left

rFire   . . .        a - +0 flail
rCold   + . .        c - +0 buckler
rNeg    . . .        b - +0 scale mail
rPois   .            (helmet restricted)
rElec   .            (no cloak)
rCorr   .            (no gloves)
SInv    +            (no boots)
Will    .....        (no amulet) Stlth
                     h - ring of protection from cold
HPRegen 0.27/turn    k - ring of see invisible
MPRegen 0.09/turn

%: no passive effects
@: lethally poisoned (-6 -> -11), slowed, lightly drained, very slow
A: horns 2, retaliatory headbutt
a: no special abilities


You were on level 3 of the Dungeon.
You visited 1 branch of the dungeon, and saw 3 of its levels.

You collected 87 gold pieces.


Innate Abilities, Weirdness & Mutations

You have a pair of horns on your head.
You reflexively headbutt those who attack you in melee.


   Skills:
 - Level 4.0 Fighting
 + Level 6.6 Maces & Flails
 - Level 3.6 Armour
 - Level 3.6 Shields


You had 4 spell levels left.
You didn't know any spells.
Your spell library contained the following spells:

 Spells                   Type           Power      Damage    Failure   Level
 Slow                     Hex            0%         N/A       88%         1
 Confusing Touch          Hex            0%         N/A       99%         3
 Sigil of Binding         Hex            0%         N/A       99%         3
 Vampiric Draining        Necr           0%         2d6       99%         3

Inventory:

Hand Weapons
 a - a +0 flail (weapon)
Missiles
 n - a throwing net {=f}
Armour
 b - a +0 scale mail (worn)
 c - a +0 buckler (worn)
Jewellery
 h - a ring of protection from cold (left hand)
 i - a ring of wizardry
 k - a ring of see invisible (right hand)
Talismans
 e - a flux talisman
Scrolls
 j - a scroll of enchant weapon {unknown}
 l - a scroll of fog {unknown}
 m - a scroll of brand weapon {unknown}
 o - a scroll of immolation {unknown}
 q - a scroll of enchant armour {unknown}
Potions
 d - a potion of might
 f - a potion of haste {unknown}
 g - a potion of mutation {unknown}
 p - a potion of curing {unknown}
 r - a potion of brilliance {unknown}
 s - a potion of ambrosia {unknown}

Dungeon Overview and Level Annotations

Branches:
Dungeon (3/15)

Altars:

Shops:
D:1 :

Annotations:
D:3 1 runed translucent door, Crazy Yiuf

♣ ♣.♣
▒▒▒▒▒
♣..♣▒...▒
♣.+.g.▒
♣♣▒H.)▒
▒▒▒▒▒


You could see Crazy Yiuf.


Message History

* * * LOW HITPOINT WARNING * * *
Unknown command.
Unknown command.
You hit Crazy Yiuf but do no damage. Your headbutt misses Crazy Yiuf.
Crazy Yiuf is moderately wounded.
Crazy Yiuf barely misses you.
Crazy Yiuf cries, "Lugonu!"
Crazy Yiuf closely misses you.
Unknown command.
Unknown command.
You hit Crazy Yiuf but do no damage.
Crazy Yiuf is moderately wounded.
Crazy Yiuf hits you with a +3 quarterstaff of chaos!
* * * LOW HITPOINT WARNING * * *
You feel drained.
* * * LOW HITPOINT WARNING * * *
Unknown command.
You sock Crazy Yiuf!
Crazy Yiuf is heavily wounded.
Crazy Yiuf hits you with a +3 quarterstaff of chaos.
* * * LOW HITPOINT WARNING * * *
You are lethally poisoned!
Crazy Yiuf closely misses you.
You closely miss Crazy Yiuf.
Crazy Yiuf is heavily wounded.
* * * LOW HITPOINT WARNING * * *
You feel very sick.
Crazy Yiuf hits you with a +3 quarterstaff of chaos!
You die...

Action                     |  1- 3 |  4- 6 || total
---------------------------+-------+-------++-------
  Melee: Flail             |    40 |    65 ||   105
         Headbutt          |     8 |     6 ||    14
 Armour: Scale mail        |    30 |    38 ||    68
  Dodge: Dodged            |    17 |    31 ||    48
  Block: Buckler           |    11 |     7 ||    18

Levels and vault maps discovered:
D:1:      dpeg_arrival_shelter, layout_basic, serial_curves, eino_curves_04,
          eino_curves_04, serial_shops, shop
D:2:      layout_loops_ring, shapermc_ecumenical_altar_hornbeckon
D:3:      layout_loops_ring, nicolae_uskayaw_suspiria,
          nicolae_qazlal_scattered_showers, serial_shops,
          nicolae_shop_tiny_real_fake_doors, uniq_crazy_yiuf_cottage

Notes
Turn   | Place    | Note
-------+----------+-------------------------------------------
     0 | D:1      | sanka the Minotaur Fighter began the quest for the Orb.
     0 | D:1      | Reached XP level 1. HP: 19/19 MP: 0/0
   206 | D:1      | Reached skill level 4 in Fighting
   212 | D:1      | Reached skill level 3 in Maces & Flails
   212 | D:1      | Reached XP level 2. HP: 27/27 MP: 1/1
   508 | D:1      | Found Tenlote's Book Shoppe.
   670 | D:1      | Reached skill level 4 in Maces & Flails
   670 | D:1      | Reached XP level 3. HP: 25/33 MP: 2/2
   778 | D:1      | Reached skill level 5 in Maces & Flails
   778 | D:1      | Reached XP level 4. HP: 37/40 MP: 3/3
   983 | D:2      | Found a faded altar of an unknown god.
  1140 | D:2      | Reached skill level 6 in Maces & Flails
  1140 | D:2      | Reached XP level 5. HP: 45/46 MP: 4/4
  1664 | D:3      | Found a runed translucent door.
  1664 | D:3      | Noticed Crazy Yiuf
  1670 | D:3      | HP: 4/45 [Crazy Yiuf/+3 quarterstaff of chaos (5)]
  1671 | D:3      | HP: 1/45 [poisoned by Crazy Yiuf]
  1671 | D:3      | Mangled by Crazy Yiuf

Vanquished Creatures
  An orc priest (D:1)
  An orc wizard (D:2)
  5 adders
  3 gnolls
  4 dart slugs
  A ribbon worm (D:2)
  An orc (D:2)
  6 endoplasms
  4 goblins
  6 hobgoblins
  3 quokkas
  2 ball pythons
  5 bats
  3 kobolds (D:2)
  4 rats
49 creatures vanquished.
